Map: Blueshift EE

Players

DarthJulius - Winner!

  • Race: Terran Terran
  • League: Platinum
  • Spawn Location: 1:00

IA (Más difícil)

  • Race: Zerg Zerg
  • Spawn Location: 7:00

VOD

Have the link to the VOD?

Description

Time

  • Played on: Oct. 13, 2018, 1:05 a.m.
  • Length: 25:21
Show
View Real Time Build Order
Export as new Build Order

DarthJulius Terran - Winner!

Build Orders:  

Get SALT Encoding   

  12  0:01  SCV  
  13  0:13  SCV  
  14  0:18  Supply Depot  
  14  0:25  SCV  
  15  0:34  Refinery  
  15  0:42  Barracks  
  15  0:45  SCV  
  16  0:57  SCV  
  16  1:03  Barracks  
  17  1:09  SCV  
  18  1:21  SCV  
  19  1:34  SCV  
  19  1:35  Supply Depot  
  20  1:46  SCV  
  21  1:53  Factory  
  21  2:19  Barracks Reactor  
  21  2:20  Refinery  
  21  2:24  SCV  
  22  2:36  SCV  
  23  2:42  Barracks  
  23  2:46  Supply Depot  
  23  3:14  SCV  
  23  3:17  Supply Depot  
  23  3:19  Hellion x2  
  28  3:26  SCV  
  29  3:28  Barracks Tech Lab, Barracks Reactor  
  29  3:34  Barracks Reactor  
  29  3:38  SCV  
  30  3:46  Command Center  
  30  3:48  Hellion x2  
  34  3:52  Engineering Bay  
  35  3:56  Starport  
  35  3:57  Orbital Command  
  34  4:05  Marine  
  34  4:06  Marine x2  
  37  4:24  Armory  
  37  4:29  Marine x2  
  37  4:41  Cyclone x2  
  45  5:01  SCV  
  45  5:02  SCV  
  45  5:26  Orbital Command  
  45  5:27  SCV  
  46  5:31  Siege Tank  
  49  5:36  Marine x2  
  49  5:39  SCV  
  52  5:43  Medivac  
  54  5:50  Bunker  
  54  5:51  SCV  
  54  5:52  Marine x2  
  54  5:56  Supply Depot  
  57  5:59  Supply Depot  
  57  6:00  Supply Depot  
  57  6:02  SCV  
  57  6:03  SCV  
  59  6:13  Siege Tank  
  59  6:17  Medivac, SCV x2  
  66  6:29  SCV x2  
  68  6:34  Factory  
  68  6:37  Refinery  
  68  6:38  Refinery  
  68  6:41  SCV x2  
  70  6:54  SCV  
  71  6:56  SCV  
  71  7:00  Marine x2  
  72  7:06  SCV  
  64  7:21  Hellion x2  
  68  7:34  SCV  
  69  7:39  Supply Depot, SCV  
  70  7:48  Hellion x2  
  70  7:49  Medivac  
  76  7:53  Barracks Reactor  
  76  7:56  Siege Tank  
  76  7:58  SCV x2  
  81  8:01  Supply Depot  
  81  8:12  Command Center  
  81  8:32  Hellion  
  81  8:33  Hellion  
  85  8:39  SCV x2  
  87  8:45  Barracks Tech Lab  
  87  8:47  Marine  
  87  8:48  Marine x3  
  91  9:09  SCV  
  89  9:10  SCV  
  89  9:16  Liberator x2  
  89  9:21  Terran Vehicle Weapons Level 1, Terran Infantry Weapons Level 1  
  89  9:22  Command Center, Factory  
  89  9:24  Supply Depot  
  89  9:26  Marauder, Supply Depot, Marine x2  
  89  9:29  Cyclone x2  
  89  9:31  Siege Tank, Factory  
  102  9:36  SCV x2  
  110  9:38  Orbital Command  
  110  9:41  Refinery  
  110  9:47  Marine x2  
  110  9:48  Marine x2, SCV  
  110  9:49  SCV  
  116  10:00  SCV  
  116  10:01  SCV  
  116  10:02  Bunker  
  116  10:05  Supply Depot  
  116  10:06  Marauder  
  120  10:08  Siege Tank  
  120  10:09  Cyclone x2  
  120  10:11  SCV  
  120  10:13  SCV x2  
  132  10:23  SCV  
  132  10:26  Refinery, SCV x2  
  135  10:34  Bunker  
  135  10:35  SCV x2  
  136  10:38  SCV  
  136  10:39  SCV  
  136  10:40  Refinery  
  136  10:42  Siege Tank  
  142  10:47  Hellion x2  
  142  10:49  Orbital Command  
  146  10:51  SCV x2  
  146  10:55  Factory Tech Lab  
  146  10:56  Starport  
  148  11:13  SCV  
  148  11:17  Thor  
  156  11:20  Factory Tech Lab  
  156  11:23  Terran Ship Weapons Level 1  
  156  11:34  SCV  
  156  11:37  Factory  
  156  11:39  Factory  
  156  11:58  SCV x2  
  156  12:00  SCV  
  155  12:04  Thor  
  155  12:11  SCV  
  156  12:22  Supply Depot  
  156  12:24  Supply Depot, Starport Tech Lab  
  156  12:28  SCV x2  
  155  12:31  Factory Tech Lab, Cyclone  
  155  12:32  Factory Tech Lab  
  153  12:39  Refinery  
  153  12:40  SCV  
  153  12:43  Missile Turret  
  153  12:44  Thor  
  154  12:46  Missile Turret  
  154  12:47  Siege Tank  
  154  12:49  Missile Turret  
  166  12:51  Siege Tank  
  166  12:53  Siege Tank  
  166  12:58  SCV x3  
  172  13:05  Supply Depot x2  
  172  13:09  Liberator x2  
  172  13:13  Missile Turret  
  172  13:18  Supply Depot x2  
  172  13:25  Command Center  
  172  13:26  SCV x2  
  180  13:27  Siege Tank x2, SCV  
  187  13:39  Thor  
  187  13:40  Siege Tank  
  196  13:43  Siege Tank  
  199  13:49  Supply Depot  
  199  14:38  Orbital Command  
  196  14:41  Command Center  
  196  14:45  Command Center  
  187  15:01  Siege Tank x4  
  151  15:23  Siege Tank  
  145  15:31  Viking x3  
  151  15:54  SCV  
  151  15:55  SCV x2  
  154  15:58  Orbital Command  
  154  16:01  Orbital Command, Viking x2  
  158  16:05  Thor x3  
  158  16:06  Thor x2  
  158  16:10  Viking  
  181  16:31  Viking x2  
  177  16:48  Command Center, Thor  
  177  16:50  SCV  
  177  16:51  SCV x3  
  187  17:00  Barracks  
  187  17:03  Barracks  
  187  17:04  Barracks  
  187  17:05  Barracks, SCV x4  
  187  17:07  Refinery, Barracks  
  187  17:08  Barracks x2, SCV  
  191  17:09  SCV  
  191  17:10  Barracks  
  191  17:14  Barracks  
  193  17:16  Barracks  
  193  17:17  Barracks, SCV x3  
  196  17:51  SCV  
  196  17:52  Barracks  
  196  17:54  Liberator x2, Barracks  
  196  17:55  Liberator, Barracks  
  195  18:19  Barracks Reactor x3  
  195  18:20  Barracks Reactor x2  
  189  18:37  Liberator  
  166  18:46  Refinery  
  166  18:47  Refinery, Barracks Reactor  
  166  18:48  Barracks Reactor x4  
  166  18:50  Barracks Reactor  
  163  19:05  Marine x9  
  163  19:06  Marine x2  
  168  19:23  Marine x10  
  178  19:32  Marine  
  178  19:33  Marine x12  
  189  19:41  Marine x10  
  197  19:50  Marine x3  
  199  20:14  Stimpack  
  193  20:38  Thor  
  183  21:26  Command Center  
  175  21:37  Command Center, Barracks  
  175  21:39  Refinery, Barracks x2  
  175  21:42  Refinery  
  171  22:05  Barracks  
  171  22:06  Barracks  
  171  22:27  Barracks  
  171  22:28  Barracks x2  
  167  22:54  Siege Tank x5  
  167  22:56  Marine  
  167  22:57  Marine x17  
  180  23:26  Siege Tank x5  
  193  23:34  Orbital Command  
  193  23:37  Orbital Command  
  171  23:58  Siege Tank x5  
  176  24:11  Marine x16  
  176  24:12  Marine x7  
  191  24:29  Marine x9  
Show
View Real Time Build Order
Export as new Build Order

IA (Más difícil) Zerg 

Build Orders: Pool First, Muta Ling Bane 

Get SALT Encoding   

  12  0:00  Drone  
  13  0:12  Overlord  
  13  0:16  Drone  
  14  0:30  Drone  
  14  0:31  Drone  
  16  0:43  Spawning Pool  
  16  0:44  Drone  
  16  0:48  Drone  
  17  0:52  Extractor  
  17  0:55  Drone  
  17  1:06  Overlord  
  17  1:31  Zergling x2  
  17  1:32  Queen  
  18  1:36  Roach Warren  
  18  1:38  Drone  
  20  1:40  Zergling x2  
  20  1:41  Extractor  
  20  1:49  Drone  
  21  2:00  Drone  
  22  2:10  Overlord  
  22  2:21  Drone  
  23  2:32  Roach  
  25  2:39  Drone  
  25  2:41  Roach  
  25  2:43  Overlord  
  28  2:51  Roach  
  30  3:00  Roach  
  32  3:09  Roach  
  32  3:11  Overlord  
  34  3:18  Roach  
  36  3:28  Roach  
  38  3:36  Overlord  
  38  3:37  Roach  
  40  3:46  Roach  
  42  3:56  Roach  
  42  3:57  Drone  
  42  4:01  Drone  
  46  4:05  Roach  
  48  4:15  Baneling Nest, Roach, Drone  
  48  4:16  Drone  
  51  4:21  Drone  
  52  4:28  Roach  
  54  4:37  Evolution Chamber  
  54  4:38  Drone  
  54  4:46  Overlord, Roach, Drone  
  54  4:50  Drone  
  58  6:26  Overlord, Zerg Melee Weapons Level 1, Baneling  
  58  6:27  Burrow  
  59  6:32  Zergling x2  
  59  6:34  Hatchery  
  59  6:39  Zergling x2  
  59  6:45  Zergling x2  
  60  6:53  Baneling x2, Zergling x2  
  61  6:59  Zergling x2  
  60  7:06  Zergling x2, Baneling, Metabolic Boost  
  33  7:38  Lair  
  33  7:47  Drone x2  
  33  7:48  Drone x5  
  33  7:49  Drone x4  
  44  7:54  Drone  
  44  7:55  Extractor  
  44  7:57  Drone x2  
  44  7:58  Drone  
  47  8:00  Drone  
  48  8:06  Drone  
  48  8:07  Drone  
  50  8:17  Drone  
  50  8:18  Drone  
  52  8:21  Zerg Missile Weapons Level 1  
  52  8:28  Drone  
  53  8:37  Centrifical Hooks  
  53  8:38  Extractor  
  53  8:39  Spire  
  51  8:42  Drone, Spore Crawler  
  51  8:46  Spore Crawler  
  51  8:47  Drone  
  51  8:48  Drone  
  51  8:50  Spore Crawler  
  51  8:51  Drone  
  51  8:54  Drone  
  51  8:55  Spore Crawler  
  51  8:56  Drone  
  51  8:59  Drone  
  51  9:00  Drone x3  
  51  9:01  Drone x2  
  51  9:05  Drone  
  52  9:10  Drone  
  52  9:15  Drone  
  54  9:22  Overseer, Infestation Pit  
  53  9:24  Drone  
  54  9:37  Drone, Spine Crawler  
  54  9:42  Spine Crawler  
  54  9:43  Drone  
  54  9:48  Drone, Spine Crawler  
  54  9:51  Mutalisk  
  56  9:53  Spine Crawler  
  56  9:54  Drone  
  56  9:58  Mutalisk  
  56  9:59  Queen  
  60  10:03  Overlord  
  60  10:04  Mutalisk  
  62  10:08  Queen  
  62  10:11  Mutalisk  
  66  10:14  Hydralisk Den  
  66  10:15  Zerg Ground Armor Level 1  
  66  10:17  Mutalisk  
  66  10:19  Evolution Chamber  
  66  10:24  Mutalisk  
  68  10:30  Mutalisk  
  68  10:35  Overseer, Hive  
  70  10:36  Mutalisk  
  70  10:41  Overlord  
  72  10:46  Corruptor  
  72  10:47  Pneumatized Carapace  
  74  10:50  Hatchery  
  74  10:56  Infestor  
  67  11:05  Zergling x2  
  68  11:29  Infestor  
  68  11:46  Lair  
  68  11:48  Greater Spire  
  68  11:56  Corruptor  
  68  11:57  Infestor  
  70  12:03  Drone  
  70  12:04  Drone x4  
  70  12:05  Drone x4  
  70  12:06  Drone x2, Corruptor  
  70  12:07  Overlord, Drone x2  
  70  12:08  Overseer  
  85  12:10  Drone  
  85  12:12  Drone  
  85  12:14  Drone  
  85  12:15  Extractor  
  87  12:16  Drone  
  87  12:19  Drone  
  87  12:20  Infestor  
  91  12:24  Overlord  
  91  12:31  Zergling x2  
  91  12:34  Zerg Melee Weapons Level 2  
  91  12:41  Extractor  
  91  12:43  Drone  
  91  12:53  Zerg Ground Armor Level 2  
  91  12:57  Spore Crawler  
  91  12:58  Drone  
  91  12:59  Spore Crawler  
  91  13:00  Drone, Corruptor  
  91  13:01  Brood Lord  
  95  13:06  Queen  
  95  13:10  Brood Lord, Corruptor  
  101  13:20  Brood Lord  
  101  13:23  Corruptor, Drone, Spine Crawler, Overlord  
  101  13:25  Spine Crawler  
  101  13:26  Drone  
  105  13:27  Overseer  
  105  13:38  Pathogen Glands  
  107  13:41  Brood Lord  
  107  13:43  Overlord, Corruptor  
  109  13:50  Zerg Flyer Weapons Level 1  
  109  13:53  Brood Lord  
  111  13:56  Corruptor  
  113  14:19  Ultralisk Cavern  
  113  14:20  Drone  
  113  14:31  Overlord  
  113  14:33  Hydralisk  
  114  14:49  Overlord, Zergling x2  
  113  14:54  Hydralisk  
  113  14:59  Hydralisk  
  101  15:02  Hatchery  
  94  15:08  Ultralisk  
  94  15:10  Overseer  
  94  15:13  Ultralisk  
  101  15:19  Zergling x2  
  102  15:24  Ultralisk  
  102  15:28  Overlord  
  108  15:29  Ultralisk  
  108  15:34  Ultralisk  
  120  15:39  Ultralisk  
  126  15:46  Overlord, Ultralisk  
  132  15:50  Hydralisk  
  132  15:55  Hydralisk  
  136  16:00  Hydralisk  
  138  16:05  Overlord  
  138  16:07  Zerg Missile Weapons Level 2  
  138  16:14  Drone  
  138  16:15  Drone x2  
  141  16:21  Zerg Flyer Armor Level 1, Queen  
  141  16:22  Extractor, Drone  
  141  16:24  Overlord, Spore Crawler  
  141  16:25  Drone  
  139  16:34  Drone, Spore Crawler  
  139  16:37  Extractor  
  139  16:38  Drone  
  135  16:42  Overlord  
  135  16:44  Overseer x2  
  125  16:53  Zerg Melee Weapons Level 3  
  125  17:00  Spine Crawler  
  125  17:01  Overlord, Drone  
  125  17:02  Spine Crawler  
  125  17:03  Drone  
  125  17:05  Overseer  
  125  17:40  Chitinous Plating  
  125  17:45  Overlord, Roach  
  125  17:48  Roach  
  125  17:51  Roach  
  131  17:54  Infestor  
  133  18:03  Infestor, Ultralisk  
  133  18:04  Overlord  
  135  18:07  Roach  
  135  18:10  Roach  
  141  18:13  Roach  
  141  18:17  Infestor  
  143  18:23  Zerg Ground Armor Level 3  
  143  18:24  Overlord  
  143  18:26  Infestor  
  145  18:30  Swarm Host  
  147  18:34  Zergling x2  
  147  18:38  Overseer  
  147  18:39  Overseer  
  147  18:40  Hydralisk  
  116  18:43  Hydralisk  
  98  18:51  Roach  
  98  18:55  Viper  
  98  18:57  Roach  
  98  18:58  Overseer  
  98  19:00  Roach  
  99  19:03  Roach  
  99  19:06  Roach  
  99  19:09  Roach  
  103  19:12  Roach  
  103  19:15  Roach  
  102  19:18  Roach  
  102  19:21  Roach  
  108  19:24  Roach  
  108  19:27  Zergling x2  
  108  19:29  Infestor, Queen  
  111  19:33  Roach  
  111  19:36  Roach  
  98  19:38  Infestor  
  98  19:41  Infestor, Drone  
  98  19:42  Drone x2  
  98  19:43  Drone  
  98  19:44  Drone x2  
  98  19:45  Hydralisk, Spore Crawler, Drone  
  95  19:46  Drone  
  95  19:47  Hydralisk  
  95  19:48  Drone  
  95  19:50  Drone  
  95  19:52  Drone  
  94  19:53  Swarm Host, Drone  
  94  19:55  Drone  
  94  19:59  Drone  
  92  20:03  Drone x2  
  92  20:05  Viper  
  92  20:06  Drone  
  96  20:07  Drone  
  96  20:09  Drone x3  
  96  20:10  Overseer, Drone x3  
  96  20:12  Drone  
  97  20:15  Roach, Drone  
  98  20:22  Roach  
  98  20:25  Zergling x2  
  98  20:26  Drone  
  91  20:32  Hydralisk  
  91  20:34  Hydralisk x2  
  77  20:35  Zergling x2  
  77  20:37  Zergling x6  
  77  20:38  Hydralisk, Overlord, Zergling x2  
  77  20:42  Roach  
  85  20:43  Hydralisk  
  85  20:46  Roach  
  85  20:48  Hydralisk  
  85  20:49  Zergling x2  
  85  20:50  Hydralisk  
  83  20:59  Overlord, Zergling x2  
  83  21:03  Hydralisk, Zergling x4  
  72  21:06  Zergling x4  
  72  21:08  Roach  
  72  21:10  Roach  
  72  21:11  Roach  
  56  21:21  Hydralisk, Zergling x2  
  56  21:24  Hatchery  
  50  21:31  Hydralisk  
  50  21:32  Drone x2, Zergling x2  
  51  21:33  Zergling x2  
  51  21:35  Extractor, Drone x2, Zergling x2  
  52  21:43  Hydralisk  
  52  21:44  Extractor, Zergling x2  
  54  21:53  Extractor  
  54  21:54  Hydralisk, Zergling x2  
  41  22:00  Hydralisk  
  41  22:01  Zergling x4  
  42  22:03  Drone  
  42  22:04  Zergling x4  
  42  22:05  Hydralisk  
  42  22:06  Zergling x2  
  44  22:17  Zergling x2  
  44  22:21  Roach Warren  
  41  22:23  Zergling x2  
  41  22:28  Zergling x2  
  29  23:07  Roach x3  
  29  23:10  Roach x2  
  36  23:20  Roach  
  32  23:47  Hatchery  
  31  23:50  Spawning Pool  
  31  23:51  Drone  
  31  23:56  Drone  
  31  23:58  Roach  
  31  24:00  Drone  
  23  24:10  Drone x2  
  21  24:18  Drone  
Tags
 
Composition
Muta Ling Bane
League
Platinum
Matchup
TvZ
Opening
Pool First
Spawn Locations
Cross Positions
Add a new tag
Caveats
  • Supply blocks, unpowered buildings, or Contaminate may cause inaccurate times.
  • Supply counts are checked every 10 seconds.